 Dungeon Crawl Stone Soup version 0.30-a0-1122-g620db56ad9 (webtiles) character file.

Game seed: 5088051091804959990

6267 MoltyBleed the Blocker (level 10, 0/88 HPs)
             Began as a Minotaur Fighter on Apr 22, 2023.
             Was an Elder of Okawaru.
             Slain by a vampire (5 damage)
             ... on level 10 of the Dungeon.
             The game lasted 00:20:08 (11267 turns).

MoltyBleed the Blocker (Minotaur Fighter)          Turns: 11267, Time: 00:20:08

Health: 0/88       AC: 12    Str: 25    XL:     10   Next: 62%
Magic:  9/9        EV:  6    Int:  5    God:    Okawaru [****..]
Gold:   589        SH:  0    Dex: 10    Spells: 9/9 levels left

rFire   . . .        t - +1 trident (venom)
rCold   . . .        x - +0 tower shield
rNeg    . . .        i - +0 chain mail
rPois   .            (helmet restricted)
rElec   .            C - +0 cloak
rCorr   .            (no gloves)
SInv    .            (no boots)
Will    .....        (no amulet) Stlth
                     (no ring)
HPRegen 0.34/turn    (no ring)
MPRegen 0.11/turn

%: no passive effects
@: confused, mighty
A: horns 2, retaliatory headbutt
a: Renounce Religion, Heroism, Finesse


You were on level 10 of the Dungeon.
You worshipped Okawaru.
Okawaru was greatly pleased with you.
You visited 1 branch of the dungeon, and saw 10 of its levels.

You collected 589 gold pieces.

Inventory:

Hand Weapons
 a - a +0 war axe
 t - a +1 trident of venom (weapon)
 B - a +1 halberd of flaming
Armour
 b - a +0 scale mail
 c - a +0 buckler
 i - a +0 chain mail (worn)
 x - a +0 tower shield (worn)
 C - a +0 cloak (worn)
Jewellery
 g - a ring of ice
Wands
 p - a wand of paralysis (9)
 s - a wand of light (13)
 v - a wand of flame (12)
 E - a wand of mindburst (11)
Scrolls
 e - a scroll of poison {unknown}
 f - 3 scrolls of noise
 h - 2 scrolls of amnesia
 l - a scroll of teleportation {unknown}
 n - a scroll of torment {unknown}
 o - a scroll of immolation {unknown}
 q - 6 scrolls of enchant weapon
 u - 2 scrolls of summoning
 w - 2 scrolls of fog {unknown}
 F - 2 scrolls of identify
 H - a scroll of acquirement {unknown}
Potions
 d - 3 potions of might
 k - a potion of mutation
 r - a potion of magic
 z - a potion of brilliance
 A - 2 potions of lignification
 G - a potion of heal wounds


   Skills:
 + Level 8.3 Fighting
 - Level 5.1(6.7) Axes
 + Level 6.5(7.4) Polearms
 * Level 8.7 Throwing
 + Level 8.2 Armour
 * Level 10.3 Shields


You had 9 spell levels left.
You didn't know any spells.
Your spell library contained the following spells:

 Spells                   Type           Power      Damage    Failure   Level
 Apportation              Tloc           0%         N/A       100%        1
 Necrotise                Necr           0%         1d4       100%        1
 Blink                    Tloc           0%         N/A       100%        2
 Ozocubu's Armour         Ice            0%         N/A       100%        3
 Manifold Assault         Tloc           0%         N/A       100%        4
 Ozocubu's Refrigeration  Ice            0%         4d7       100%        7
 Storm Form               Tmut/Air       0%         N/A       100%        7
 Summon Small Mammal      Summ           Unusable   N/A       N/A         1

Dungeon Overview and Level Annotations

Branches:
Dungeon (10/15)            Temple (0/1) D:4
   Lair: D:8-11         Orc: D:9-12

Altars:
Ashenzari
Cheibriados
Fedhas
Hepliaklqana
Kikubaaqudgha
Nemelex Xobeh
Okawaru
Ru
Wu Jian

Shops:
D:2 !   D:3 (

Annotations:
D:9 3 runed translucent doors, NoOffense's ghost, novice TrMo
D:10 Erolcha


Innate Abilities, Weirdness & Mutations

You have a pair of horns on your head.
You reflexively headbutt those who attack you in melee.


Message History

You hit the vampire.
The vampire is lightly damaged.
The vampire casts a spell.
The vampire flickers and vanishes!
Deactivating autopickup; reactivate with Ctrl-A.
You closely miss something. Your headbutt misses something.
Something hits you but does no damage. Something bites you!
Something draws strength from your injuries!
You barely miss something. Something hits you but does no damage.
Something bites you.
Something draws strength from your injuries!
Something hits you. Something bites you!
Something draws strength from your injuries!
You hit something. Something hits you but does no damage. Something bites you!
Something draws strength from your injuries!
You hit something but do no damage. You block something's attack.
Something bites you but does no damage.
You feel very mighty all of a sudden.
You hear some strange, mumbled words.
Something tries to affect you, but you resist.
You closely miss something. Your headbutt misses something.
You hear some strange, mumbled words.
You are confused.
You closely miss something. Something hits you!
Something bites you but does no damage.
You puncture something! Something hits you but does no damage.
Something bites you!
Something draws strength from your injuries!
You puncture something! Something hits you! Something bites you.
* * * LOW HITPOINT WARNING * * *
Something draws strength from your injuries!
Something hits you!
* * * LOW HITPOINT WARNING * * *
Something bites you!
* * * LOW HITPOINT WARNING * * *
Something draws strength from your injuries!
Something hits you.
* * * LOW HITPOINT WARNING * * *
Something bites you.
You die...

V.... ... ...
#..#######.##
...........#
####.#### #..#
#.......# #..#
#.......# #..#
##.......####{@#
...............#
####.....##.#
#<.)........#
######......#
#......#
#......#
#......##
#.......#


There were no monsters in sight!

Vanquished Creatures
  A two-headed ogre (D:9)
  Erica (D:8)
  A troll (D:10)
  Sigmund (D:6)
  2 wyverns
  A shadow (D:8)
  2 water moccasins (D:6)
  An acid dragon (D:9)
  Duvessa (D:5)
  4 ice beasts
  3 orc warriors
  2 black bears
  An ogre (D:4)
  3 centaurs
  2 kobold brigands
  A bullfrog (D:6)
  Blork the orc (D:5)
  A gnoll sergeant (D:8)
  2 scorpions
  11 wights
  Dowan (D:5)
  5 killer bees
  7 howler monkeys
  4 hounds
  13 orc priests
  A jelly (D:6)
  2 gnoll boudas
  3 sleepcaps
  Natasha (D:2)
  3 orc wizards
  3 adders
  22 gnolls
  A shadow imp (D:6)
  A worm (D:3)
  A dart slug (D:2)
  24 orcs
  8 ball pythons
  6 endoplasms
  2 giant cockroaches (D:1)
  A goblin (D:4)
  2 hobgoblins
  6 jackals
  15 kobolds
  4 quokkas
  3 bats
  5 frilled lizards (D:1)
  2 rats (D:1)
188 creatures vanquished.

Vanquished Creatures (others)
  An orc wizard (D:6)
  An orc (D:5)
2 creatures vanquished.

Grand Total: 190 creatures vanquished

Notes
Turn   | Place    | Note
-------+----------+-------------------------------------------
     0 | D:1      | MoltyBleed the Minotaur Fighter began the quest for the
                  | Orb.
     0 | D:1      | Reached XP level 1. HP: 19/19 MP: 0/0
   737 | D:1      | Reached XP level 2. HP: 27/27 MP: 1/1
   927 | D:1      | Reached skill level 1 in Throwing
  1169 | D:2      | Found an ancient bone altar of Kikubaaqudgha.
  1312 | D:2      | Noticed Natasha
  1334 | D:2      | Killed Natasha
  1335 | D:2      | Reached XP level 3. HP: 28/33 MP: 2/2
  1636 | D:2      | Found Canah's Distillery.
  1998 | D:3      | Reached skill level 4 in Shields
  1998 | D:3      | Reached XP level 4. HP: 40/40 MP: 3/3
  2093 | D:3      | Found Awkos's Weapon Emporium.
  2297 | D:3      | Found an ancient bone altar of Kikubaaqudgha.
  2693 | D:4      | Found an iron altar of Okawaru.
  2755 | D:4      | Became a worshipper of Warmaster Okawaru
  2838 | D:4      | Found a snail-covered altar of Cheibriados.
  2885 | D:4      | Found a staircase to the Ecumenical Temple.
  2957 | D:4      | Reached XP level 5. HP: 45/46 MP: 4/4
  3174 | D:4      | Noticed an ogre
  3191 | D:4      | Killed an ogre
  3192 | D:4      | Reached XP level 6. HP: 53/53 MP: 5/5
  3409 | D:4      | Reached * piety under Okawaru
  3673 | D:5      | Entered Level 5 of the Dungeon
  3679 | D:5      | Noticed Blork the orc
  3694 | D:5      | Killed Blork the orc
  3695 | D:5      | Reached skill level 5 in Axes
  4191 | D:5      | Found a broken altar of Ashenzari.
  4592 | D:5      | Noticed Dowan
  4593 | D:5      | Noticed Duvessa
  4610 | D:5      | Killed Duvessa
  4611 | D:5      | Reached skill level 5 in Fighting
  4611 | D:5      | Reached skill level 1 in Polearms
  4611 | D:5      | Reached skill level 5 in Armour
  4611 | D:5      | Reached skill level 5 in Shields
  4611 | D:5      | Reached XP level 7. HP: 38/61 MP: 6/6
  4624 | D:5      | Killed Dowan
  5214 | D:6      | Reached XP level 8. HP: 49/69 MP: 7/7
  5328 | D:6      | Reached ** piety under Okawaru
  5329 | D:6      | Reached skill level 5 in Throwing
  5329 | D:6      | Reached skill level 6 in Shields
  5694 | D:6      | Found a sacrificial altar of Ru.
  5725 | D:6      | Noticed Sigmund
  5737 | D:6      | Killed Sigmund
  5867 | D:6      | Reached skill level 7 in Shields
  6464 | D:7      | Reached *** piety under Okawaru
  6567 | D:7      | Reached XP level 9. HP: 77/78 MP: 8/8
  7367 | D:7      | Reached skill level 8 in Shields
  7383 | D:7      | Received a gift from Okawaru
  7811 | D:8      | Found an ornate altar of the Wu Jian Council.
  7812 | D:8      | Noticed Erica
  7922 | D:8      | Reached skill level 5 in Polearms
  8664 | D:8      | Reached skill level 9 in Shields
  8819 | D:8      | Found a blossoming altar of Fedhas.
  9028 | D:8      | Found a sparkling altar of Nemelex Xobeh.
  9030 | D:8      | Found a hazy altar of Hepliaklqana.
  9653 | D:9      | Found a runed translucent gate.
  9653 | D:9      | Noticed a spectral centaur warrior
  9654 | D:9      | Found a runed translucent gate.
  9655 | D:9      | Found a runed translucent gate.
  9670 | D:9      | Noticed a spectral centaur warrior
  9675 | D:9      | Noticed NoOffense's ghost (novice TrMo)
  9734 | D:9      | Reached XP level 10. HP: 86/86 MP: 9/9
  9748 | D:8      | Reached **** piety under Okawaru
 10634 | D:9      | Noticed a two-headed ogre
 10659 | D:8      | Killed Erica
 10659 | D:8      | Received a gift from Okawaru
 10794 | D:9      | Killed a two-headed ogre
 10794 | D:9      | Received a gift from Okawaru
 10795 | D:9      | Reached skill level 10 in Shields
 11074 | D:10     | Entered Level 10 of the Dungeon
 11109 | D:10     | Noticed Erolcha
 11267 | D:10     | Slain by a vampire

Illustrated notes

Levels and vault maps discovered:
D:1:      dpeg_arrival_yet_another_circle, layout_basic, serial_rivers,
          chequers_serial_rivers_large_b, chequers_serial_rivers_large_a,
          chequers_serial_rivers_small_b, chequers_serial_rivers_room_a
D:2:      layout_loops_ring, serial_shops, shop, basic_altar,
          amcnicky_mini_rare_corridor_liquid, uniq_natasha
D:3:      layout_loops_cross, lemuel_round_altar, serial_shops, shop
D:4:      layout_cave_pods, mainiacjoe_overflow_alcove_1,
          mainiacjoe_overflow_concentric_impassable,
          minmay_temple_entry_nine_rooms, minmay_misc_feat_diagonals,
          chequers_jeans
D:5:      layout_rooms, mainiacjoe_overflow_tiny_flanked,
          corexii_item_surrounded_by_moat, uniq_blork_the_orc, uniq_duvessa
D:6:      layout_basic, nicolae_ru_great_annihilating_truth, uniq_sigmund
D:7:      layout_loops_cross
D:8:      layout_basic, fedhas_altar_fruit_tree, nicolae_overflow_hidden_temple,
          uniq_erica
D:9:      layout_cave_pools, gammafunk_ghost_necromancy,
          david_defended_altar_orc
D:10:     cheibrodos_statue_roulette, layout_basic, orc_david_3,
          ebering_ghost_funeral_grove, uniq_erolcha

Skill      XL: |  1  2  3  4  5  6  7  8  9 10 |
---------------+-------------------------------+-----
Axes           | 3 4 5 |  5.1
Throwing       | 1 2 3 4 6 7 8 |  8.7
Fighting       | 4 5 6 7 8 |  8.3
Armour         | 4 5 6 7 8 |  8.2
Shields        | 4 5 7 9 10 | 10.3
Polearms       | 1 2 4 5 6 |  6.5

Action                     |  1- 3 |  4- 6 |  7- 9 | 10-12 || total
---------------------------+-------+-------+-------+-------++-------
  Melee: War axe           |    68 |    75 |       |       ||   143
         Headbutt          |     6 |    15 |    48 |    19 ||    88
         Trident           |       |    15 |   246 |   104 ||   365
  Throw: Boomerang         |       |    26 |    60 |       ||    86
         Javelin           |       |       |    33 |     9 ||    42
         Dart              |       |       |     8 |     9 ||    17
 Invoke: Heroism           |       |       |     3 |     2 ||     5
  Evoke: Wand              |       |       |     2 |     2 ||     4
    Use: Scroll            |     2 |       |     7 |       ||     9
         Potion            |       |     5 |     4 |     4 ||    13
 Armour: Scale mail        |    12 |       |       |       ||    12
         Chain mail        |    33 |    49 |    92 |    32 ||   206
  Dodge: Dodged            |    41 |    41 |    39 |    27 ||   148
  Block: Buckler           |    18 |    24 |     3 |       ||    45
         Tower shield      |       |       |   150 |    89 ||   239

Table legend: (Time is in decaauts)
 A = Elapsed time spent in this place.
 B = Non-inter-level travel time spent in this place.
 C = Inter-level travel time spent in this place.
 D = Time resting spent in this place.
 E = Time spent auto-exploring this place.
 F = Levels seen in this place.
 G = Mean time per level.
                   A        B        C        D        E       F      G
               +--------+--------+--------+--------+--------+-----+--------+
         Total |  11529 |  10349 |   1180 |   2514 |   5985 |  10 | 1152.9 |
       Dungeon |  11529 |  10349 |   1180 |   2514 |   5985 |  10 | 1152.9 |
               +--------+--------+--------+--------+--------+-----+--------+

Top non-repeatable levels by time:
     D:8: 2205 daAuts
     D:6: 1776 daAuts
     D:4: 1673 daAuts
     D:7: 1234 daAuts
     D:1: 1228 daAuts
     D:9: 953 daAuts
     D:2: 796 daAuts
     D:5: 753 daAuts
     D:3: 748 daAuts
    D:10: 158 daAuts
